 Dungeon Crawl Stone Soup version 0.23.2-1-ga50397a6bc (webtiles) character file.

Game seed: 14505695932546872939

298 Allula97 the Skirmisher (level 6, -4/55 HPs)
             Began as a Minotaur Fighter on Apr 19, 2019.
             Slain by an ogre
             ... wielding a +0 giant club
              (7 damage)
             ... on level 4 of the Dungeon.
             The game lasted 00:11:25 (2549 turns).

Allula97 the Skirmisher (Minotaur Fighter)          Turns: 2549, Time: 00:11:25

Health: -4/55      AC:  8    Str: 20    XL:     6   Next: 13%
Magic:  5/5        EV:  8    Int:  6    God:
Gold:   158        SH:  9    Dex: 11    Spells: 5/5 levels left

rFire    + . .     SeeInvis .   a - +0 long sword
rCold    x . .     Gourm    .   c - +0 shield
rNeg     . . .     Faith    +   b - +0 scale mail
rPois    .         Spirit   .   (helmet restricted)
rElec    .         Reflect  .   r - +0 cloak
rCorr    .         Harm     .   (no gloves)
MR       .....                  (no boots)
Stlth    ..........             n - amulet of faith
HPRegen  0.18/turn              u - ring of fire
MPRegen  0.09/turn              (no ring)

@: no status effects
A: retaliatory headbutt, horns 2
a: no special abilities


You were on level 4 of the Dungeon.
You were not hungry.

You visited 1 branch of the dungeon, and saw 4 of its levels.

You collected 158 gold pieces.

Inventory:

Hand Weapons
 a - a +0 long sword (weapon)
 e - a cursed +0 dagger
 k - a +1 dagger of protection
Armour
 b - a +0 scale mail (worn)
 c - a +0 shield (worn)
 r - a +0 cloak (worn)
Jewellery
 n - an amulet of faith (around neck)
 u - a ring of fire (left hand)
Scrolls
 h - 3 scrolls of remove curse {unknown}
 i - 4 scrolls of identify {unknown}
 j - a scroll of teleportation {unknown}
 p - a scroll of amnesia {unknown}
 q - a scroll of blinking {unknown}
Potions
 d - a potion of might
 g - 3 potions of degeneration {unknown}
 l - a potion of magic {unknown}
 m - a potion of agility {unknown}
 o - 3 potions of mutation {unknown}
 t - a potion of berserk rage {unknown}
Comestibles
 f - 7 rations
 s - 19 chunks of flesh


   Skills:
 * Level 4.9 Fighting
 * Level 4.1 Long Blades
 * Level 4.9 Armour
 + Level 1.7 Dodging
 + Level 1.4 Stealth
 * Level 4.9 Shields


You had 5 spell levels left.
You didn't know any spells.
Your spell library was empty.

Dungeon Overview and Level Annotations

Branches:
Dungeon (4/15)
 Temple: D:4-7

Altars:
Dithmenos
Hepliaklqana
Makhleb
Sif Muna
Trog
Uskayaw
Vehumet
Xom
Yredelemnul


Innate Abilities, Weirdness & Mutations

You reflexively headbutt those who attack you in melee.
You have a pair of horns on your head.


Message History

There is a stone staircase leading down here.
You climb downwards.
The orc hits you but does no damage. The ogre hits you with a +0 giant club!
* * * LOW HITPOINT WARNING * * *
There is a stone staircase leading up, spattered with blood here.
You barely miss the ogre. The orc hits you but does no damage.
The ogre barely misses you.
You riposte.
You slash the ogre! You headbutt the ogre.
The ogre is heavily wounded.
The orc closely misses you.
You hit the ogre. You headbutt the ogre!
The ogre is almost dead.
The ogre hits you with a +0 giant club!
* * * LOW HITPOINT WARNING * * *
You block the orc's attack.
You barely miss the ogre.
You headbutt the ogre, but do no damage.
The ogre is almost dead.
The ogre hits you with a +0 giant club!
You die...

#.........
#......... ####
#.).(.....
.....#.........
.....#.........
...............
...............
.......@..#
.......Oo......
...............
...............
......####.....
...... ##...
...... ...
...... ##


You could see an ogre and an orc.

Vanquished Creatures
  A hound (D:3)
  An orc wizard (D:3)
  Crazy Yiuf (D:2)
  Jessica (D:2)
  Terence (D:2)
  4 gnolls (D:3)
  An adder (D:2)
  An ooze (D:4)
  An adder skeleton (D:3)
  3 worms (D:2)
  2 dart slugs
  2 leopard geckos
  3 orcs (D:3)
  2 giant cockroaches
  12 goblins
  7 hobgoblins
  7 jackals
  A quokka (D:2)
  3 ball pythons
  14 bats
  5 frilled lizards
  9 kobolds
  10 rats
92 creatures vanquished.

Notes
Turn   | Place    | Note
-------+----------+-------------------------------------------
     0 | D:1      | Allula97 the Minotaur Fighter began the quest for the Orb.
     0 | D:1      | Reached XP level 1. HP: 19/19 MP: 0/0
   385 | D:1      | Reached XP level 2. HP: 27/27 MP: 1/1
   932 | D:1      | Reached XP level 3. HP: 32/33 MP: 2/2
  1030 | D:2      | Noticed Terence
  1047 | D:2      | Killed Terence
  1085 | D:2      | Found a basalt altar of Yredelemnul.
  1115 | D:2      | Found a hazy altar of Hepliaklqana.
  1128 | D:2      | Found a deep blue altar of Sif Muna.
  1132 | D:2      | Found a shimmering altar of Xom.
  1139 | D:2      | Reached skill level 1 in Dodging
  1139 | D:2      | Reached XP level 4. HP: 37/40 MP: 3/3
  1461 | D:2      | Reached skill level 1 in Stealth
  1505 | D:2      | Noticed Jessica
  1523 | D:2      | Killed Jessica
  1650 | D:2      | Found a runed translucent door.
  1651 | D:2      | Noticed Crazy Yiuf
  1664 | D:2      | Killed Crazy Yiuf
  1664 | D:2      | Reached XP level 5. HP: 31/47 MP: 4/4
  1824 | D:2      | Found a burning altar of Makhleb.
  1828 | D:2      | Found a hide-covered altar of Uskayaw.
  1829 | D:2      | Found a shadowy altar of Dithmenos.
  1832 | D:2      | Found a bloodstained altar of Trog.
  1833 | D:2      | Found a radiant altar of Vehumet.
  2513 | D:4      | Noticed an ogre
  2526 | D:3      | Reached XP level 6. HP: 31/55 MP: 5/5
  2548 | D:4      | HP: 2/55 [ogre/+0 giant club (14)]
  2549 | D:4      | Slain by an ogre

Skill      XL: |  1  2  3  4  5 |
---------------+----------------+-----
Long Blades    | 3 4 |  4.1
Shields        | 4 |  4.9
Fighting       | 4 |  4.9
Armour         | 4 |  4.9
Dodging        | 1 |  1.7
Stealth        | 1 |  1.4

Action                   |  1- 3 |  4- 6 || total
-------------------------+-------+-------++-------
Melee: Long sword        |   102 |   138 ||   240
       Headbutt          |    11 |    27 ||    38
  Eat: Chunk             |     1 |     5 ||     6
Armor: Scale mail        |    44 |    56 ||   100
Dodge: Dodged            |    34 |    61 ||    95
Block: Shield            |    57 |    90 ||   147
       Rpst.: Long sword |     6 |    20 ||    26
